General information
- name: BNet
- type: Ladder team game (AT/RT)
- host: Battle.net
- saver: DIRTMCGIRT
map: SilverpineForest
- players: 6
- length: 49:33
- speed: Fast
- version: 1.21 W3XP
- replay type: Public
» download(261 KB)
Players
team 1 (winner)
DIRTMCGIRT (
yellow | 67 APM | 3303 actions | 49:33)
8 Blademaster
3 Wind Walk
2 Critical Strike
1 Bladestorm
2 Mirror Image
5 Goblin Alchemist
3 Chemical Rage
2 Acid Bomb
» actions
| Assign group hotkey | 7 | |
| Build / train | 126 | |
| ESC pressed | 1 | |
| Enter build submenu | 52 | |
| Enter hero's abilities submenu | 14 | |
| Give item / drop item | 18 | |
| Remove unit from queue | 4 | |
| Right click | 1788 | |
| Select / deselect | 932 | |
| Select group hotkey | 132 | |
| Use ability | 229 | |
3303 total
» units
| Peon | 14 | |
| Troll Batrider | 36 | |
| Goblin Sapper | 1 | |
| Goblin Zeppelin | 1 | |
52 total
» upgrades
| Ranged Weapons | 3 | |
| Liquid Fire | 1 | |
| Reinforced Defenses | 1 | |
| Armor | 3 | |
| Troll Regeneration | 1 | |
| Spiked Barricades | 3 | |
| Envenomed Spears | 1 | |
| War Drums Damage Increase | 1 | |
| Ensnare | 1 | |
| Berserker Strength | 1 | |
| Berserker Upgrade | 1 | |
| Burning Oil | 2 | |
| Melee Weapons | 1 | |
| Pillage | 1 | |
| Backpack | 1 | |
22 total
» buildings
| Altar of Storms | 1 | |
| Orc Burrow | 4 | |
| War Mill | 1 | |
| Voodoo Lounge | 1 | |
| Watch Tower | 50 | |
| Stronghold | 1 | |
| Beastiary | 3 | |
| Fortress | 1 | |
| Great Hall | 3 | |
| Barracks | 1 | |
| Spirit Lodge | 1 | |
67 total
» build order
00:05 Altar of Storms
00:09 Orc Burrow
00:28 War Mill
01:34 Voodoo Lounge
01:52 Watch Tower
02:04 Watch Tower
02:18 Watch Tower
02:37 Watch Tower
02:57 Watch Tower
03:31 Watch Tower
03:35 Watch Tower
04:15 Watch Tower
04:52 Stronghold
04:55 Watch Tower
05:18 Watch Tower
05:24 Orc Burrow
05:34 Watch Tower
05:46 Watch Tower
06:13 Watch Tower
07:31 Beastiary
07:36 Beastiary
07:43 Orc Burrow
07:50 Beastiary
08:00 Watch Tower
08:05 Watch Tower
08:55 Orc Burrow
10:05 Fortress
12:05 Watch Tower
12:47 Watch Tower
13:08 Watch Tower
14:34 Watch Tower
14:37 Watch Tower
15:25 Watch Tower
17:54 Great Hall
19:42 Watch Tower
21:27 Watch Tower
21:40 Watch Tower
23:16 Watch Tower
23:17 Watch Tower
23:19 Watch Tower
23:31 Barracks
25:27 Great Hall
26:19 Watch Tower
26:38 Watch Tower
26:41 Watch Tower
27:44 Watch Tower
41:38 Spirit Lodge
47:07 Great Hall
47:10 Watch Tower
47:11 Watch Tower
47:11 Watch Tower
47:12 Watch Tower
47:13 Watch Tower
47:13 Watch Tower
47:15 Watch Tower
47:16 Watch Tower
47:17 Watch Tower
47:18 Watch Tower
47:18 Watch Tower
47:19 Watch Tower
47:20 Watch Tower
47:21 Watch Tower
47:54 Watch Tower
48:02 Watch Tower
48:08 Watch Tower
48:59 Watch Tower
49:06 Watch Tower
» items
| Staff of Teleportation | 1 | |
| Potion of Healing | 5 | |
| Healing Salve | 3 | |
| Orb of Lightning | 2 | |
| Amulet of Spell Shield | 1 | |
| Boots of Speed | 2 | |
| Helm of Valor | 1 | |
| Claws of Attack +12 | 3 | |
| Cloak of Flames | 1 | |
| Scroll of Healing | 2 | |
| Potion of Invulnerability | 1 | |
| Scroll of Town Portal | 1 | |
| Potion of Mana | 1 | |
| Potion of Invisibility | 2 | |
| Potion of Lesser Invulnerability | 1 | |
| Crystal Ball | 1 | |
28 total
royceroyce2001 (
blue | 49 APM | 2434 actions | 49:32)
5 Archmage
3 Blizzard
1 Brilliance Aura
1 Mass Teleport
» actions
| Assign group hotkey | 82 | |
| Basic commands | 28 | |
| Build / train | 115 | |
| ESC pressed | 4 | |
| Enter build submenu | 61 | |
| Enter hero's abilities submenu | 6 | |
| Right click | 958 | |
| Select / deselect | 716 | |
| Select group hotkey | 178 | |
| Use ability | 286 | |
2434 total
» units
| Peasant | 17 | |
| Mortar Team | 12 | |
| Sorceress | 5 | |
| Flying Machine | 1 | |
35 total
» upgrades
| Masonry | 3 | |
| Lumber Harvesting | 2 | |
| Fragmentation Shards | 1 | |
| Gunpowder | 3 | |
| Sorceress Training | 2 | |
| Flare | 1 | |
| Magic Sentry | 1 | |
| Armor | 1 | |
14 total
» buildings
| Altar of Kings | 1 | |
| Farm | 11 | |
| Lumber Mill | 3 | |
| Scout Tower | 89 | |
| Guard Tower | 33 | |
| Keep | 1 | |
| Arcane Vault | 3 | |
| Castle | 1 | |
| Blacksmith | 1 | |
| Workshop | 2 | |
| Arcane Sanctum | 1 | |
| Town Hall | 1 | |
| Cannon Tower | 2 | |
| Arcane Tower | 2 | |
151 total
» build order
00:06 Altar of Kings
00:14 Farm
00:40 Lumber Mill
00:45 Scout Tower
01:13 Scout Tower
01:29 Farm
01:42 Guard Tower
01:55 Guard Tower
01:58 Scout Tower
02:20 Scout Tower
02:21 Scout Tower
02:59 Guard Tower
03:05 Scout Tower
03:06 Scout Tower
03:12 Farm
03:13 Farm
03:15 Guard Tower
04:23 Scout Tower
04:27 Keep
04:29 Guard Tower
04:36 Farm
04:38 Farm
04:42 Scout Tower
04:43 Scout Tower
04:44 Scout Tower
04:45 Scout Tower
04:52 Guard Tower
04:58 Arcane Vault
05:22 Guard Tower
05:36 Scout Tower
05:37 Scout Tower
05:46 Scout Tower
05:48 Scout Tower
05:49 Scout Tower
05:51 Scout Tower
05:53 Guard Tower
05:58 Scout Tower
05:59 Scout Tower
06:01 Scout Tower
06:02 Scout Tower
06:51 Guard Tower
06:56 Castle
07:00 Blacksmith
08:16 Workshop
08:58 Workshop
09:02 Arcane Sanctum
11:46 Farm
11:47 Farm
13:11 Farm
13:43 Farm
13:48 Farm
14:02 Scout Tower
14:04 Scout Tower
14:04 Scout Tower
14:05 Scout Tower
14:08 Scout Tower
14:09 Scout Tower
14:09 Scout Tower
14:11 Scout Tower
14:25 Arcane Vault
14:27 Arcane Vault
14:55 Guard Tower
16:48 Scout Tower
16:49 Scout Tower
16:52 Scout Tower
16:53 Scout Tower
16:54 Scout Tower
17:00 Scout Tower
17:00 Scout Tower
17:01 Scout Tower
17:02 Scout Tower
17:04 Guard Tower
17:14 Scout Tower
17:15 Scout Tower
18:58 Guard Tower
19:01 Guard Tower
19:03 Scout Tower
19:05 Scout Tower
20:12 Guard Tower
21:18 Scout Tower
21:20 Scout Tower
21:21 Scout Tower
22:18 Guard Tower
23:08 Guard Tower
23:36 Scout Tower
23:37 Scout Tower
23:38 Scout Tower
23:40 Scout Tower
24:50 Guard Tower
25:37 Guard Tower
26:12 Town Hall
26:34 Scout Tower
26:35 Scout Tower
26:37 Scout Tower
26:39 Scout Tower
27:20 Guard Tower
27:24 Scout Tower
27:24 Scout Tower
27:25 Scout Tower
27:26 Scout Tower
28:06 Guard Tower
30:11 Guard Tower
30:16 Guard Tower
30:18 Scout Tower
30:19 Scout Tower
30:53 Guard Tower
32:44 Guard Tower
32:58 Scout Tower
33:00 Scout Tower
33:03 Scout Tower
33:32 Guard Tower
35:35 Cannon Tower
35:41 Scout Tower
35:42 Scout Tower
35:45 Scout Tower
35:46 Scout Tower
37:35 Cannon Tower
37:36 Arcane Tower
37:50 Guard Tower
37:51 Arcane Tower
37:54 Scout Tower
37:55 Scout Tower
38:00 Scout Tower
38:02 Scout Tower
38:51 Guard Tower
38:58 Guard Tower
39:02 Scout Tower
39:03 Scout Tower
41:04 Guard Tower
41:12 Scout Tower
41:12 Scout Tower
41:14 Scout Tower
41:16 Scout Tower
41:18 Scout Tower
41:19 Scout Tower
41:21 Scout Tower
41:22 Scout Tower
41:23 Scout Tower
41:25 Scout Tower
41:27 Scout Tower
41:29 Scout Tower
41:56 Guard Tower
42:08 Guard Tower
45:22 Guard Tower
45:30 Scout Tower
45:38 Scout Tower
45:42 Scout Tower
45:48 Scout Tower
46:46 Guard Tower
48:04 Lumber Mill
48:29 Lumber Mill
» items
| Scroll of Regeneration | 10 | |
| Scroll of Town Portal | 9 | |
19 total
Steelhound (
pink | 38 APM | 1887 actions | 49:32)
6 Blademaster
3 Wind Walk
2 Critical Strike
1 Bladestorm
» actions
| Assign group hotkey | 94 | |
| Basic commands | 43 | |
| Build / train | 103 | |
| ESC pressed | 8 | |
| Enter build submenu | 61 | |
| Enter hero's abilities submenu | 6 | |
| Give item / drop item | 9 | |
| Remove unit from queue | 3 | |
| Right click | 698 | |
| Select / deselect | 313 | |
| Select group hotkey | 331 | |
| Use ability | 218 | |
1887 total
» units
» upgrades
| Spiked Barricades | 1 | |
| Ranged Weapons | 3 | |
| Liquid Fire | 1 | |
| Reinforced Defenses | 1 | |
| Armor | 3 | |
9 total
» buildings
| War Mill | 1 | |
| Altar of Storms | 1 | |
| Orc Burrow | 5 | |
| Watch Tower | 67 | |
| Voodoo Lounge | 1 | |
| Stronghold | 1 | |
| Beastiary | 3 | |
| Fortress | 1 | |
| Great Hall | 3 | |
83 total
» build order
00:11 War Mill
00:17 Altar of Storms
00:56 Orc Burrow
01:39 Watch Tower
01:40 Watch Tower
01:42 Watch Tower
01:43 Watch Tower
01:48 Watch Tower
02:39 Voodoo Lounge
03:31 Orc Burrow
04:06 Stronghold
05:13 Watch Tower
05:14 Watch Tower
05:16 Watch Tower
05:17 Watch Tower
05:18 Watch Tower
06:33 Beastiary
06:38 Beastiary
08:13 Orc Burrow
09:53 Fortress
11:22 Orc Burrow
12:43 Watch Tower
15:55 Watch Tower
15:57 Watch Tower
15:57 Watch Tower
15:58 Watch Tower
16:28 Watch Tower
16:33 Watch Tower
17:56 Watch Tower
17:58 Watch Tower
18:00 Watch Tower
19:38 Great Hall
20:34 Watch Tower
20:37 Watch Tower
20:38 Watch Tower
20:41 Watch Tower
20:42 Watch Tower
21:22 Watch Tower
23:08 Watch Tower
23:12 Watch Tower
23:14 Watch Tower
23:15 Watch Tower
26:37 Watch Tower
26:38 Watch Tower
26:39 Watch Tower
26:41 Beastiary
27:36 Watch Tower
27:46 Watch Tower
27:48 Watch Tower
27:48 Watch Tower
27:49 Watch Tower
29:54 Orc Burrow
30:33 Watch Tower
30:39 Watch Tower
31:47 Watch Tower
31:49 Watch Tower
33:03 Watch Tower
33:08 Watch Tower
33:12 Watch Tower
34:50 Watch Tower
34:52 Watch Tower
34:54 Watch Tower
34:56 Watch Tower
37:43 Great Hall
37:52 Great Hall
41:27 Watch Tower
43:02 Watch Tower
43:05 Watch Tower
43:07 Watch Tower
43:09 Watch Tower
43:16 Watch Tower
43:22 Watch Tower
43:23 Watch Tower
43:25 Watch Tower
43:27 Watch Tower
47:09 Watch Tower
47:12 Watch Tower
47:14 Watch Tower
47:18 Watch Tower
47:19 Watch Tower
47:21 Watch Tower
47:30 Watch Tower
47:32 Watch Tower
» items
| Healing Salve | 5 | |
| Lesser Clarity Potion | 2 | |
| Potion of Healing | 7 | |
| Orb of Lightning | 1 | |
| Claws of Attack +9 | 1 | |
| Khadgar's Gem of Health | 1 | |
| Claws of Attack +6 | 1 | |
18 total
team 2 (loser)

»
K.O.T.Mangrove (
red | 24 APM | 1114 actions | 46:11)
5 Blademaster
3 Wind Walk
2 Critical Strike
3 Shadow Hunter
2 Healing Wave
1 Hex
» actions
| Assign group hotkey | 38 | |
| Basic commands | 47 | |
| Build / train | 61 | |
| Enter build submenu | 39 | |
| Enter hero's abilities submenu | 9 | |
| Give item / drop item | 1 | |
| Remove unit from queue | 5 | |
| Right click | 316 | |
| Select / deselect | 395 | |
| Select group hotkey | 101 | |
| Use ability | 101 | |
1114 total
» units
| Peon | 16 | |
| Wind Rider | 3 | |
| Troll Batrider | 17 | |
36 total
» upgrades
| Liquid Fire | 1 | |
| Reinforced Defenses | 0 | |
| Armor | 3 | |
| Ranged Weapons | 1 | |
| War Drums Damage Increase | 1 | |
6 total
» buildings
| Altar of Storms | 1 | |
| Orc Burrow | 6 | |
| Barracks | 2 | |
| War Mill | 1 | |
| Voodoo Lounge | 3 | |
| Stronghold | 1 | |
| Watch Tower | 14 | |
| Beastiary | 2 | |
| Fortress | 1 | |
| Great Hall | 5 | |
36 total
» build order
00:21 Altar of Storms
00:34 Orc Burrow
00:50 Barracks
01:20 War Mill
01:50 Orc Burrow
02:25 Voodoo Lounge
03:35 Stronghold
03:51 Watch Tower
03:54 Watch Tower
04:25 Voodoo Lounge
04:28 Watch Tower
06:16 Beastiary
06:38 Beastiary
06:44 Orc Burrow
06:54 Watch Tower
08:44 Voodoo Lounge
08:51 Fortress
09:11 Orc Burrow
10:43 Orc Burrow
14:49 Orc Burrow
15:49 Watch Tower
15:55 Watch Tower
16:00 Watch Tower
17:50 Great Hall
18:51 Watch Tower
18:52 Watch Tower
18:53 Watch Tower
19:48 Great Hall
20:54 Great Hall
21:58 Watch Tower
23:36 Great Hall
23:48 Watch Tower
24:01 Barracks
27:50 Great Hall
29:06 Watch Tower
29:12 Watch Tower
» items
| Healing Salve | 1 | |
| Orb of Lightning | 1 | |
2 total

»
Mohammed-Jihadd (
green | 74 APM | 3688 actions | 49:32)
7 Blademaster
3 Wind Walk
3 Critical Strike
1 Bladestorm
» actions
| Assign group hotkey | 41 | |
| Basic commands | 41 | |
| Build / train | 100 | |
| ESC pressed | 10 | |
| Enter build submenu | 43 | |
| Enter hero's abilities submenu | 7 | |
| Give item / drop item | 21 | |
| Right click | 2066 | |
| Select / deselect | 591 | |
| Select group hotkey | 621 | |
| Use ability | 147 | |
3688 total
» units
| Peon | 19 | |
| Wind Rider | 8 | |
| Troll Batrider | 36 | |
63 total
» upgrades
| Ranged Weapons | 3 | |
| Liquid Fire | 1 | |
| Armor | 2 | |
6 total
» buildings
| Altar of Storms | 1 | |
| Orc Burrow | 7 | |
| War Mill | 1 | |
| Stronghold | 1 | |
| Voodoo Lounge | 2 | |
| Watch Tower | 14 | |
| Beastiary | 4 | |
| Great Hall | 9 | |
| Fortress | 1 | |
40 total
» build order
00:21 Altar of Storms
00:29 Orc Burrow
00:58 War Mill
01:22 Orc Burrow
02:28 Stronghold
02:35 Voodoo Lounge
03:12 Watch Tower
03:17 Orc Burrow
04:28 Watch Tower
04:32 Orc Burrow
05:17 Beastiary
05:26 Beastiary
06:29 Orc Burrow
09:40 Great Hall
09:59 Orc Burrow
14:13 Fortress
15:34 Beastiary
15:35 Beastiary
16:28 Orc Burrow
23:14 Watch Tower
23:18 Watch Tower
23:20 Watch Tower
23:23 Watch Tower
26:32 Watch Tower
26:34 Watch Tower
30:04 Great Hall
32:32 Great Hall
38:13 Great Hall
39:04 Watch Tower
39:06 Watch Tower
39:08 Watch Tower
39:11 Watch Tower
39:14 Watch Tower
39:18 Watch Tower
39:57 Great Hall
44:00 Great Hall
45:51 Voodoo Lounge
46:36 Great Hall
47:05 Great Hall
48:19 Great Hall
» items
| Healing Salve | 6 | |
| Scroll of Speed | 2 | |
| Lesser Clarity Potion | 5 | |
| Orb of Lightning | 1 | |
| Tiny Great Hall | 1 | |
| Ancient Janggo of Endurance | 1 | |
| Orb of Darkness | 1 | |
| Helm of Valor | 1 | |
| Potion of Greater Mana | 1 | |
19 total
ztealth16 (
orange | 47 APM | 2156 actions | 46:06)
4 Far Seer
2 Feral Spirit
2 Chain Lighting
» actions
| Assign group hotkey | 19 | |
| Basic commands | 222 | |
| Build / train | 44 | |
| Enter build submenu | 29 | |
| Enter hero's abilities submenu | 4 | |
| Remove unit from queue | 4 | |
| Right click | 1056 | |
| Select / deselect | 445 | |
| Select group hotkey | 254 | |
| Use ability | 79 | |
2156 total
» units
| Peon | 12 | |
| Grunt | 7 | |
| Demolisher | 5 | |
| Wind Rider | 7 | |
| Tauren | 3 | |
34 total
» upgrades
» buildings
| Altar of Storms | 1 | |
| Orc Burrow | 7 | |
| Barracks | 1 | |
| Stronghold | 1 | |
| War Mill | 1 | |
| Watch Tower | 8 | |
| Fortress | 1 | |
| Beastiary | 1 | |
| Tauren Totem | 1 | |
| Voodoo Lounge | 1 | |
23 total
» build order
00:12 Altar of Storms
00:22 Orc Burrow
00:29 Barracks
01:22 Orc Burrow
02:53 Stronghold
03:26 Orc Burrow
04:10 War Mill
05:38 Orc Burrow
05:46 Watch Tower
05:48 Watch Tower
06:18 Watch Tower
06:46 Watch Tower
06:54 Watch Tower
07:05 Watch Tower
07:37 Fortress
08:00 Watch Tower
08:36 Beastiary
08:57 Orc Burrow
09:24 Watch Tower
10:13 Tauren Totem
16:29 Orc Burrow
16:32 Orc Burrow
16:54 Voodoo Lounge
» items
Chat log
(01:59 / All) DIRTMCGIRT: A
(02:00 / All) DIRTMCGIRT: M
(02:01 / All) DIRTMCGIRT: N
(03:43 / All) Mohammed-Jihadd: damn niggers
(03:48 / All) DIRTMCGIRT: language
(03:51 / All) Mohammed-Jihadd: Fuck off
(03:55 / All) Steelhound: I AM CHINESE THANK YOU VERY MUCH
(05:35 / Allies) DIRTMCGIRT: push towers out
(05:36 / Allies) DIRTMCGIRT: to expos
(08:21 / Allies) DIRTMCGIRT: got any morts?
(08:29 / Allies) royceroyce2001: making
(09:56 / Allies) DIRTMCGIRT: anyone got lumb?
(10:06 / Allies) DIRTMCGIRT: ty
(11:22 / Allies) DIRTMCGIRT: get the fs
(11:56 / Allies) DIRTMCGIRT: royce
(13:56 / Allies) Steelhound: ow
(14:05 / All) DIRTMCGIRT: Lol
(14:18 / Allies) Steelhound: epic lulz
(15:03 / Allies) DIRTMCGIRT: level 6 already
(15:57 / Allies) royceroyce2001: bats please
(16:16 / Allies) DIRTMCGIRT: steel go hit oj
(16:23 / Allies) DIRTMCGIRT: hes got no way to defend bats
(17:33 / Allies) DIRTMCGIRT: royce can u invis mort?
(17:38 / Allies) royceroyce2001: doing it
(17:40 / Allies) DIRTMCGIRT: nice
(17:53 / Allies) royceroyce2001: can i get some lumb
(18:08 / Allies) royceroyce2001: just fyi
(19:15 / All) DIRTMCGIRT: just leave haha
(22:07 / Allies) royceroyce2001: gyros for each of you for bms
(23:58 / Allies) DIRTMCGIRT: ill get that expo
(25:42 / Allies) DIRTMCGIRT: lets get em
(26:00 / Allies) DIRTMCGIRT: get fs
(28:06 / Allies) DIRTMCGIRT: lumn pls
(28:48 / Allies) royceroyce2001: oh
(28:49 / Allies) royceroyce2001: ignore
(29:25 / Allies) DIRTMCGIRT: kill fs
(29:28 / Allies) DIRTMCGIRT: i mean
(30:39 / Allies) royceroyce2001: what are they even doing now
(30:44 / Allies) Steelhound: masturbating
(30:54 / All) DIRTMCGIRT: lol green
(30:58 / All) Mohammed-Jihadd: lol stfu
(31:12 / All) Mohammed-Jihadd: You guys should all me murdered for doing this strat
(31:18 / All) Steelhound: k
(31:28 / All) DIRTMCGIRT: as opposed to yours
(31:36 / All) Mohammed-Jihadd: Right.
(31:38 / All) Mohammed-Jihadd: Because it's much worse
(31:43 / All) DIRTMCGIRT: not really
(31:45 / All) DIRTMCGIRT: but still
(31:53 / All) Mohammed-Jihadd: You guys are so gay lol
(31:56 / All) DIRTMCGIRT: lol gg
(31:57 / All) Mohammed-Jihadd: Mass towers and get BMz 4 rezl
(31:58 / All) royceroyce2001: why cant we all be friends
(31:59 / All) K.O.T.Mangrove: eat lag faggots
(32:00 / All) Steelhound: you mean awesome
(32:05 / All) Mohammed-Jihadd: lol nope
(32:07 / All) royceroyce2001: i did not get bm i resent that
(32:09 / All) Mohammed-Jihadd: btw, I aint leaving
(32:14 / All) DIRTMCGIRT: fine
(32:18 / All) Mohammed-Jihadd: GL beating us
(32:21 / All) royceroyce2001: mmkay
(32:36 / All) DIRTMCGIRT: im just killin time before i leave anyway
(32:45 / All) Mohammed-Jihadd: Right, killing time.
(32:47 / All) K.O.T.Mangrove: thanks for the inform
(32:50 / All) Mohammed-Jihadd: You're a huge nerd lol
(32:55 / All) DIRTMCGIRT: okk mohammed
(33:02 / All) Mohammed-Jihadd: Okay Dirtmcgirt
(33:03 / All) Mohammed-Jihadd: what are you 12?
(33:04 / All) DIRTMCGIRT: no
(33:05 / All) DIRTMCGIRT: 19
(33:11 / All) Mohammed-Jihadd: leet
(33:15 / All) Steelhound: i am 12 though
(33:22 / All) royceroyce2001: im four
(34:40 / Allies) royceroyce2001: lol forgot to invis my hero
(36:37 / Allies) royceroyce2001: lot of bats
(36:40 / Allies) royceroyce2001: you should counter bat them
(39:42 / All) DIRTMCGIRT: lol
(41:45 / Allies) royceroyce2001: yo i gotta go soon to work
(41:50 / Allies) royceroyce2001: but im sure you guys will win
(43:00 / Allies) royceroyce2001: can yal get green out of his base or distract him
(44:03 / All) royceroyce2001: i lost 180 gold 70 wood you lose a lot more, good trade off
(44:08 / All) Mohammed-Jihadd: Hilarious
(44:12 / All) ztealth16: Good job
(44:15 / All) DIRTMCGIRT: hilarious
(44:17 / All) DIRTMCGIRT: for us
(44:17 / All) royceroyce2001: orange is still here?
(44:20 / All) DIRTMCGIRT: for u not so much
(44:21 / All) Mohammed-Jihadd: lol
(44:25 / All) DIRTMCGIRT: Lol orange was out of the game since 1983
(44:36 / All) ztealth16: funny
(44:38 / All) Mohammed-Jihadd: Your mom was too
(44:44 / All) DIRTMCGIRT: good one
(44:49 / All) Mohammed-Jihadd: It was good
(46:09 / All) DIRTMCGIRT: gg
(46:10 / All) Steelhound: leave
(46:14 / All) Mohammed-Jihadd: lol 1v1?
(46:15 / All) DIRTMCGIRT: ok
(46:19 / Allies) DIRTMCGIRT: cockaa this guy'
(46:20 / All) Steelhound: lol leave?
(46:25 / All) Mohammed-Jihadd: lol
(46:28 / All) Mohammed-Jihadd: Nah
(49:28 / All) DIRTMCGIRT: dont kill